 Dungeon Crawl Stone Soup version 0.21.1-1-g345015f (webtiles) character file.

1839 zhorgal the Shield-Bearer (level 9, -6/70 HPs)
             Began as a Formicid Fighter on Feb 17, 2018.
             Was an Initiate of Gozag.
             Mangled by a wyvern skeleton (7 damage)
             ... on level 8 of the Dungeon.
             The game lasted 00:23:32 (6505 turns).

zhorgal the Shield-Bearer (Formicid Fighter)        Turns: 6505, Time: 00:23:32

Health: -6/70      AC: 10    Str: 24    XL:     9   Next: 33%
Magic:  9/9        EV:  9    Int:  8    God:    Gozag
Gold:   563        SH: 11    Dex: 10    Spells: 8/8 levels left

rFire    . . .     SeeInvis +   a - +0 war axe
rCold    . . .     Gourm    .   c - +0 shield
rNeg     . . .     Faith    .   r - +0 chain mail
rPois    .         Spirit   .   (helmet unavailable)
rElec    .         Reflect  .   (no cloak)
rCorr    .         Harm     .   (no gloves)
MR       .....                  (no boots)
Stlth    ..........             t - amulet of regeneration
HPRegen  0.61/turn              (no ring)
MPRegen  0.11/turn              (no ring)

@: gold aura
A: permanent stasis, dig shafts and tunnels, four strong arms, antennae 3
a: Dig, Shaft Self, Potion Petition, Call Merchant, Bribe Branch, Renounce
Religion


You were on level 8 of the Dungeon.
You worshipped Gozag.
Gozag was pleased with you.
You were hungry.

You visited 1 branch of the dungeon, and saw 7 of its levels.

You collected 626 gold pieces.
You paid 63 gold pieces to Gozag.

Inventory:

Hand Weapons
 a - a +0 war axe (weapon)
 s - a +1 short sword of venom
 H - a +0 flail of protection
 I - a +0 morningstar
Missiles
 i - 109 stones (quivered)
 o - 5 tomahawks
 A - a throwing net
Armour
 b - a +0 scale mail
 c - a +0 shield (worn)
 r - a +0 chain mail (worn)
 F - a +1 leather armour of fire resistance
Jewellery
 t - an amulet of regeneration (around neck)
 z - an uncursed amulet of harm {unknown}
Wands
 y - a wand of random effects (18)
Scrolls
 j - a scroll of fog
 k - a scroll of identify
 x - a scroll of remove curse
Potions
 d - a potion of might
 e - a potion of resistance
 g - a potion of curing
 h - a potion of flight
 m - 3 potions of lignification
 n - 5 potions of heal wounds
 p - a potion of brilliance
 q - a potion of degeneration
 C - a potion of magic
 D - a potion of mutation
Books
 w - a book of Misfortune

   Spells                             Type                      Level
   a - Confusing Touch                Hexes                        1
   b - Confuse                        Hexes                        3
   c - Gell's Gravitas                Translocation                3
   d - Petrify                        Transmutation/Earth          4
   e - Metabolic Englaciation         Hexes/Ice                    5
   f - Yara's Violent Unravelling     Hexes/Transmutation          5
 B - a book of Cantrips

   Spells                             Type                      Level
   a - Confusing Touch                Hexes                        1
   b - Animate Skeleton               Necromancy                   1
   c - Summon Small Mammal            Summoning                    1
   d - Apportation                    Translocation                1
 E - a book of Necromancy

   Spells                             Type                      Level
   a - Pain                           Necromancy                   1
   b - Animate Skeleton               Necromancy                   1
   c - Vampiric Draining              Necromancy                   3
   d - Regeneration                   Charms/Necromancy            3
   e - Animate Dead                   Necromancy                   4
   f - Borgnjor's Vile Clutch         Necromancy/Earth             5
Comestibles
 f - 7 rations


   Skills:
 + Level 6.3 Fighting
 + Level 6.0 Axes
 + Level 6.4 Armour
 + Level 4.3 Dodging
 + Level 7.0 Shields


You had 8 spell levels left.
You didn't know any spells.

Dungeon Overview and Level Annotations

Branches:
Dungeon (8/15)
 Temple: D:4-7         Lair: D:8-11

Altars:
Cheibriados
Dithmenos
Fedhas
Gozag
Nemelex Xobeh
Ru
Sif Muna
Uskayaw
Yredelemnul

Shops:
D:7 *

Annotations:
D:4 pstr's ghost, amateur NaEE


Innate Abilities, Weirdness & Mutations

You cannot be hasted, slowed, berserked, paralysed or teleported.
You can dig through walls and to a lower floor.
Your four strong arms can wield two-handed weapons with a shield.
You have a pair of large antennae on your head. (SInv)


Message History

You block the worker ant's attack.
You block the brown ugly thing's attack.
You take 26 damage, and have 12/70 hp.
MASSIVE DAMAGE!!
You hit the brown ugly thing. You slash the wyvern skeleton!
You hit the worker ant but do no damage.
You block the wyvern skeleton's attack. The worker ant bites you.
* * * LOW HITPOINT WARNING * * *
The brown ugly thing kicks you.
* * * LOW HITPOINT WARNING * * *
You are splashed with acid!
The acid burns!
* * * LOW HITPOINT WARNING * * *
You block the wyvern skeleton's attack.
You take 11 damage, and have 1/70 hp.
Okay, then.
Unknown command.
Are you sure you want to shaft yourself?
You are feeling hungry.
You block the worker ant's attack. The wyvern skeleton bites you!
You die...
Your body crumbles into a pile of gold.

###.##.#...##.#.,*,,###****,,*,,*
.#*,.......#.#.**#*#..*,*,,*****,
.#####......##.*#...#*,,,**,,,**,
............#(##.#..,**,**,,,*,**
.....#......#..#..#.#,***,*,*,,*,
.....#......#.(#...#**,,,***,,,*,
.....#...#...##(#,***,,*,,***,*,*
.....#.###...##a##,*,*,,,*,*,**,*
.......# #...###@#*,,,*$*,,,**,**
.......# #...##.uZ#,*,$*,,*,*,,,*
.......# #...###.##,,,*,*,,,**,**
##.....# #...#*.##,*,*,,,*,*,**,*
##.....#*#...#*.*,***,,*,,***,*,*
##.....#*...#..#,,,***,,,***,,,*,
#.....#*,,,*,.*,,*,*,***,*,*,,*,
#.....#*,,,*.#*,*,,,**,**,,,*,**
#...#.#*,,,**,**,,,**,,,**,,,**,


You could see a brown ugly thing, a worker ant and a wyvern skeleton.

Vanquished Creatures
  A troll (D:7)
  A hippogriff (D:8)
  A steam dragon (D:7)
  2 sky beasts (D:7)
  An ice beast (D:7)
  A centaur (D:8)
  2 bullfrogs (D:8)
  2 howler monkeys (D:8)
  A bullfrog zombie (D:7)
  A hound (D:8)
  2 orc priests (D:7)
  An orc wizard (D:8)
  Jessica (D:3)
  Terence (D:3)
  2 iguanas (D:4)
  Natasha (thrice) (D:2)
  5 worker ants
  A hound skeleton (D:4)
  Robin (D:2)
  A howler monkey skeleton (D:4)
  7 gnolls
  8 adders
  A shadow imp (D:7)
  2 oozes
  A worm (D:2)
  2 dart slugs
  2 leopard geckos
  15 orcs
  19 bats
  3 giant cockroaches
  11 goblins
  13 hobgoblins
  6 kobolds
  3 frilled lizards
  A leopard gecko skeleton (D:4)
  8 rats
  A plant (D:1)
134 creatures vanquished.

Vanquished Creatures (others)
  A giant cockroach zombie (D:6)
1 creature vanquished.

Grand Total: 135 creatures vanquished

Notes
Turn   | Place    | Note
-------+----------+-------------------------------------------
     0 | D:1      | zhorgal the Formicid Fighter began the quest for the Orb.
     0 | D:1      | Reached XP level 1. HP: 18/18 MP: 1/1
   167 | D:1      | Reached XP level 2. HP: 24/24 MP: 2/2
   439 | D:1      | Reached XP level 3. HP: 28/29 MP: 3/3
  1669 | D:2      | Reached XP level 4. HP: 34/35 MP: 4/4
  1712 | D:2      | Noticed Robin
  1737 | D:2      | Killed Robin
  1737 | D:2      | Reached skill level 4 in Shields
  1947 | D:2      | Noticed Natasha
  1954 | D:2      | Killed Natasha
  1954 | D:2      | Reached skill level 1 in Dodging
  1954 | D:2      | Reached XP level 5. HP: 42/42 MP: 5/5
  2046 | D:2      | Noticed Natasha
  2060 | D:2      | Killed Natasha
  2084 | D:2      | Noticed Natasha
  2106 | D:2      | Killed Natasha
  2756 | D:3      | Noticed Jessica
  2761 | D:3      | Killed Jessica
  2761 | D:3      | Reached XP level 6. HP: 48/48 MP: 6/6
  2792 | D:3      | Noticed Terence
  2813 | D:3      | Killed Terence
  3433 | D:3      | Found a blossoming altar of Fedhas.
  3551 | D:4      | Found a basalt altar of Yredelemnul.
  3552 | D:4      | Found a sacrificial altar of Ru.
  3554 | D:4      | Found a sparkling altar of Nemelex Xobeh.
  3554 | D:4      | Found a snail-covered altar of Cheibriados.
  3554 | D:4      | Found a deep blue altar of Sif Muna.
  3554 | D:4      | Found an opulent altar of Gozag.
  3554 | D:4      | Found a hide-covered altar of Uskayaw.
  3565 | D:4      | Found a shadowy altar of Dithmenos.
  3625 | D:4      | Became a worshipper of Gozag Ym Sagoz the Greedy
  3812 | D:4      | Reached XP level 7. HP: 54/55 MP: 7/7
  3863 | D:4      | Noticed pstr's ghost (amateur NaEE)
  3870 | D:4      | You fall through a shaft for 3 floors!
  3900 | D:7      | Found Lyname's Assorted Antiques.
  3954 | D:6      | You fall through a shaft for 2 floors!
  3982 | D:8      | Reached skill level 5 in Shields
  3989 | D:8      | HP: 2/55 [gnoll/club (6)]
  4391 | D:7      | Reached skill level 5 in Armour
  5005 | D:7      | Reached skill level 5 in Fighting
  5005 | D:7      | Reached XP level 8. HP: 41/62 MP: 8/8
  5360 | D:7      | Noticed a troll
  5387 | D:7      | Killed a troll
  5387 | D:7      | Reached skill level 5 in Axes
  5387 | D:7      | Reached skill level 6 in Shields
  6420 | D:8      | Reached XP level 9. HP: 68/69 MP: 9/9
  6483 | D:8      | Noticed a hippogriff
  6491 | D:8      | Noticed a brown ugly thing
  6491 | D:8      | Killed a hippogriff
  6491 | D:8      | Reached skill level 7 in Shields
  6504 | D:8      | HP: 1/70 [acid (7)]
  6505 | D:8      | Mangled by a wyvern skeleton

Skill      XL: |  1  2  3  4  5  6  7  8  9 |
---------------+----------------------------+-----
Axes           | 3 4 5 6 |  6.0
Shields        | 4 5 6 7 |  7.0
Dodging        | 1 2 3 4 |  4.3
Armour         | 4 5 6 |  6.4
Fighting       | 4 5 6 |  6.3

Action                   |  1- 3 |  4- 6 |  7- 9 || total
-------------------------+-------+-------+-------++-------
Melee: War axe           |   143 |   250 |   206 ||   599
Invok: Potion Petition   |       |       |     1 ||     1
 Abil: Dig               |       |     1 |     2 ||     3
       Shaft Self        |       |       |     3 ||     3
Evoke: Wand              |       |       |     9 ||     9
  Use: Scroll            |       |     5 |     9 ||    14
       Potion            |       |     1 |       ||     1
 Stab: Paralysed         |       |       |     3 ||     3
       Distracted        |       |       |     1 ||     1
  Eat: Chunk             |     3 |     7 |       ||    10
       Ration            |       |       |     3 ||     3
Armor: Scale mail        |    67 |    45 |       ||   112
       Chain mail        |       |    97 |    84 ||   181
Dodge: Dodged            |    39 |    80 |    88 ||   207
Block: Shield            |    79 |   143 |   127 ||   349
